 Dungeon Crawl Stone Soup version 0.24.1-11-gbbbb2193e6 (webtiles) character file.

Game seed: 9828487438209085536, levelgen mode: deterministic

48 Hugehornet the Changer (level 3, 0/23 HPs)
             Began as an Octopode Transmuter on May 14, 2020.
             Killed from afar by an orc wizard (10 damage)
             ... with a puff of flame
             ... on level 3 of the Dungeon.
             The game lasted 00:02:06 (2244 turns).

Hugehornet the Changer (Octopode Transmuter)        Turns: 2244, Time: 00:02:06

Health: 0/23       AC:  2    Str:  9    XL:     3   Next: 72%
Magic:  3/6        EV: 19    Int: 16    God:
Gold:   94         SH:  0    Dex: 17    Spells: 1/7 levels left

rFire    . . .     SeeInvis .     - Unarmed
rCold    . . .     Gourm    .   (shield currently unavailable)
rNeg     + . .     Faith    .   (helmet currently unavailable)
rPois    x         Spirit   .   (no amulet)
rElec    .         Reflect  .   e - ring of positive energy
rCorr    .         Harm     .   (no ring)
MR       .....                  (no ring)
Stlth    ++........             (no ring)
HPRegen  0.07/turn              (no ring)
MPRegen  0.10/turn              (no ring)
                                (no ring)
                                (no ring)

@: spider-form
A: tiny, almost no armour, stealthy swim, (amphibious), 8 rings, (constrict 8)
a: End Transformation


You were on level 3 of the Dungeon.
You were not hungry.
You were a venomous arachnid creature.
You visited 1 branch of the dungeon, and saw 3 of its levels.

You collected 94 gold pieces.

Inventory:

Missiles
 a - 73 arrows
Armour
 h - a +0 buckler
Jewellery
 e - a ring of positive energy (left front leg)
Scrolls
 b - 2 scrolls of amnesia {unknown}
 g - a scroll of remove curse {unknown}
 i - 2 scrolls of teleportation {unknown}
 j - a scroll of immolation {unknown}
 l - a scroll of fear {unknown}
Potions
 d - 2 potions of resistance {unknown}
 f - a potion of agility {unknown}
 k - a potion of curing {unknown}
Comestibles
 c - 5 rations


   Skills:
 - Level 1.0 Fighting
 - Level 2.0 Dodging
 + Level 3.1 Unarmed Combat
 + Level 2.5 Spellcasting
 - Level 3.1 Transmutations
 * Level 1.3 Poison Magic


You had one spell level left.
You knew the following spells:

 Your Spells              Type           Power        Failure   Level  Hunger
a - Beastly Appendage     Tmut           ##....       16%         1    #......
b - Sticks to Snakes      Tmut           ##......     22%         2    ##.....
c - Spider Form           Tmut/Pois      #.........   45%         3    ###....

Your spell library contained the following spells:

 Spells                   Type           Power        Failure   Level  Hunger
 Ice Form                 Ice/Tmut       #.......     87%         4    #####..
 Blade Hands              Tmut           ##........   94%         5    ######.


Dungeon Overview and Level Annotations

Branches:
Dungeon (3/15)

Altars:
Okawaru


Innate Abilities, Weirdness & Mutations

You cannot wear most types of armour.
You are very stealthy in the water. (Stealth+)
((You are amphibious.))
You can wear up to eight rings at the same time.
((You can use your tentacles to constrict eight enemies at once.))
((Your skin changes colour to match your surroundings (Stealth+).))
((Your rubbery body absorbs attacks. (AC +1, EV +1)))


Message History

a +0 falchion; a +0 chain mail; a scroll labeled HEX ERUQUEF; an orc corpse Your transformation is almost over.
The orc wizard shouts!
Things that are here:
a +0 dagger; a +0 leather armour; an orc corpse
Casting: Beastly Appendage (safe; 5% risk of failure)
Confirm with . or Enter, or press ? or * to list all spells.
Your tentacle spike disappears.
You turn into a venomous arachnid creature.
You barely miss the orc wizard.
The orc wizard hits you but does no damage.
You hit the orc wizard but do no damage.
The orc wizard is poisoned.
The orc wizard hits you with a +0 dagger.
You hit the orc wizard.
The orc wizard looks as sick as possible!
The orc wizard is moderately wounded.
The orc wizard gestures at you while chanting.
The puff of flame hits you!
You die...

########.#. ...........
# .#######.#. #.
#.#......... #.
............
#####.#######.#.#.....#.
........................
#.............#.#.##.##.
#s##.##.#.#.##.##.
#o##.##.#.#.##.##†
..o#.#)##..#.#.#.##....
........................
###.#.#####.#.#.#.##.##.
#. #..........##.##. #
#.#........##.##.
#.#........##.###
#.#........##+#


You could see an orc wizard.

Vanquished Creatures
  An adder (D:2)
  A worm (D:2)
  A leopard gecko (D:3)
  2 orcs (D:3)
  4 bats
  2 giant cockroaches (D:3)
  3 goblins
  4 hobgoblins
  2 jackals (D:2)
  4 kobolds
  A ball python (D:1)
  2 frilled lizards
  5 rats
32 creatures vanquished.

Notes
Turn   | Place    | Note
-------+----------+-------------------------------------------
     0 | D:1      | Hugehornet the Octopode Transmuter began the quest for the
                  | Orb.
     0 | D:1      | Reached XP level 1. HP: 13/13 MP: 3/3
   240 | D:1      | Reached XP level 2. HP: 18/18 MP: 3/5
   842 | D:2      | Found an iron altar of Okawaru.
   866 | D:2      | Learned a level 2 spell: Sticks to Snakes
  1089 | D:2      | Reached XP level 3. HP: 18/23 MP: 4/6
  1094 | D:2      | Learned a level 3 spell: Spider Form
  2002 | D:3      | Reached skill level 1 in Poison Magic
  2244 | D:3      | Killed from afar by an orc wizard

Levels and vault maps discovered:
D:1:      noname_arrival_rooms_in_the_neighbourhood, layout_loops_ring,
          roderic_serpentine_path
D:2:      layout_basic, okawaru_ov_weapons_minmay
D:3:      wad_crossroads, layout_basic, minitemple

Skill      XL: |  1  2  3 |
---------------+----------+-----
Transmutations | 3 |  3.1
Poison Magic   | 1 |  1.3
Fighting       | |  1.0
Dodging        | |  2.0
Unarmed Combat | |  3.1
Spellcasting   | |  2.5

Action                   || total
-------------------------++-------
Melee: Unarmed           ||    66
       Constrict         ||    19
       Tentacles         ||     9
       Kick              ||    10
       Punch             ||     1
 Cast: Beastly Appendage ||    24
       Spider Form       ||     1
 Stab: Sleeping          ||     4
  Eat: Chunk             ||     4
Armor: Skin              ||     5
Dodge: Dodged            ||    30
